| TOP OF THE 1ST |
|
Wausau Timbers batting - Pitching for Danville Veterans : RHP Dave W Smith
|
|
Pitching: RHP Dave W Smith
|
|
|
Batting: SHB Herman Lewis
|
0-0: Called Strike 0-1: Foul Ball, location: 2F 0-2: Ball 1-2: Ball 2-2: Ball 3-2: Ground out 1-3 (Groundball, P, EV 68.8 MPH)
|
|
Batting: LHB Rodney Nealeigh
|
0-0: Foul Ball, location: 2F 0-1: Ball 1-1: SINGLE (Groundball, P, EV 88.8 MPH) (infield hit)
|
|
Batting: RHB Rich Renteria
|
0-0: Called Strike 0-1: Fly out, F8 (Flyball, 8LM, EV 91.9 MPH)
|
|
Batting: LHB Tom M Foley
|
0-0: Ball 1-0: Ball 2-0: Fielders Choice at 2nd, 6-4 (Groundball, 6, EV 101.3 MPH)
|
| Top of the 1st over - 0 runs, 1 hit, 0 errors, 1 left on base; Wausau 0 - Danville 0 |
| BOTTOM OF THE 1ST |
|
Danville Veterans batting - Pitching for Wausau Timbers : RHP Mario Duran
|
|
Pitching: RHP Mario Duran
|
|
|
Batting: RHB Billy Hatcher
|
0-0: Called Strike 0-1: Foul Ball, location: 2F 0-2: TRIPLE (Flyball, 9LD, EV 103.8 MPH)
|
|
Batting: LHB Adrian Zepeda
|
0-0: Called Strike 0-1: SINGLE (Groundball, 25, EV 69.4 MPH) (infield hit)
|
|
Batting: RHB Henry Janssen
|
0-0: Called Strike 0-1: Ball 1-1: Ball 2-1: Foul Ball, location: 2F 2-2: Ball 3-2: Grounds into double play, 6-4-3 (Groundball, 6, EV 85.0 MPH) Billy Hatcher scores
|
|
Batting: LHB Mark Salas
|
0-0: Ground out 4-3 (Groundball, 4, EV 87.5 MPH)
|
| Bottom of the 1st over - 1 run, 2 hits, 0 errors, 0 left on base; Wausau 0 - Danville 1 |
| TOP OF THE 2ND |
|
Wausau Timbers batting - Pitching for Danville Veterans : RHP Dave W Smith
|
|
Batting: RHB Douglas Davis
|
0-0: Ball 1-0: Called Strike 1-1: Foul Ball, location: 2F 1-2: Ball 2-2: Fly out, F7 (Flyball, 7LS, EV 96.3 MPH)
|
|
Batting: LHB Ricky Seilheimer
|
0-0: Ball 1-0: Called Strike 1-1: Called Strike 1-2: Strikes out looking
|
|
Batting: RHB Bruce Chaney
|
0-0: Ball 1-0: TRIPLE (Flyball, 89XD, EV 102.5 MPH)
|
|
Batting: RHB Jeffrey Young
|
0-0: Ball 1-0: Foul Ball, location: 2F 1-1: Ball 2-1: Foul Ball, location: 2F 2-2: Foul Ball, location: 2F 2-2: Fly out, F7 (Flyball, 78XD, EV 106.3 MPH)
|
| Top of the 2nd over - 0 runs, 1 hit, 0 errors, 1 left on base; Wausau 0 - Danville 1 |
| BOTTOM OF THE 2ND |
|
Danville Veterans batting - Pitching for Wausau Timbers : RHP Mario Duran
|
|
Batting: RHB Barry Brunenkant
|
0-0: Called Strike 0-1: Swinging Strike 0-2: Ball 1-2: Ball 2-2: Foul Ball, location: 2F 2-2: SINGLE (Line Drive, 5D, EV 100.6 MPH)
|
|
Batting: RHB Ed Saavedra
|
0-0: Ball 1-0: Ground out 4-3 (Groundball, 4MS, EV 73.8 MPH) Barry Brunenkant to second
|
|
Batting: RHB Jeff Moronko
|
0-0: Ball 1-0: Ball 2-0: Foul Ball, location: 2F 2-1: Foul Ball, location: 2F 2-2: Fly out, F8 (Flyball, 8RD, EV 103.1 MPH) Runner from 2nd tags up, SAFE at 3rd with throw by CF
|
|
Batting: RHB Gordon Gauntlett
|
0-0: Ball 1-0: Ball 2-0: Called Strike 2-1: Swinging Strike 2-2: Fly out, F8 (Line Drive, 8RD, EV 96.9 MPH)
|
| Bottom of the 2nd over - 0 runs, 1 hit, 0 errors, 1 left on base; Wausau 0 - Danville 1 |
| TOP OF THE 3RD |
|
Wausau Timbers batting - Pitching for Danville Veterans : RHP Dave W Smith
|
|
Batting: RHB Isaac Seoanee
|
0-0: Called Strike 0-1: Ground out 6-3 (Groundball, 56, EV 86.9 MPH)
|
|
Batting: SHB Herman Lewis
|
0-0: Called Strike 0-1: SINGLE (Groundball, 6MS, EV 68.1 MPH) (infield hit)
|
|
Batting: LHB Rodney Nealeigh
|
0-0: Ball Pickoff Throw to First - Error! E1 Herman Lewis to second 1-0: Ball 2-0: Ball 3-0: Called Strike 3-1: Base on Balls
|
|
Batting: RHB Rich Renteria
|
0-0: Ball 1-0: Foul Ball, location: 2F 1-1: Foul Ball, location: 2F 1-2: Ball 2-2: Ball 3-2: Foul Ball, location: 2F 3-2: 3-RUN HOME RUN (Flyball, 9D, EV 106.3 MPH), Distance : 372 ft
|
|
Batting: LHB Tom M Foley
|
0-0: Called Strike 0-1: Ground out 4-3 (Groundball, 4, EV 110.0 MPH)
|
|
Batting: RHB Douglas Davis
|
0-0: Foul Ball, location: 2F 0-1: Foul Ball, location: 2F 0-2: Ball 1-2: Reached on error, E3 (Groundball, 34, EV 80.0 MPH)
|
|
Batting: LHB Ricky Seilheimer
|
0-0: Ball 1-0: Swinging Strike 1-1: 2-RUN HOME RUN (Flyball, 89XD, EV 102.5 MPH), Distance : 413 ft
|
|
Batting: RHB Bruce Chaney
|
0-0: Swinging Strike 0-1: Ball 1-1: Ball 2-1: Foul Ball, location: 2F 2-2: Strikes out swinging
|
| Top of the 3rd over - 5 runs, 3 hits, 2 errors, 0 left on base; Wausau 5 - Danville 1 |
| BOTTOM OF THE 3RD |
|
Danville Veterans batting - Pitching for Wausau Timbers : RHP Mario Duran
|
|
Batting: RHB Tom Hayes
|
0-0: Foul Ball, location: 2F 0-1: Fly out, F6 (Popup, 6M, EV 53.1 MPH)
|
|
Batting: RHB Billy Hatcher
|
0-0: Called Strike 0-1: Foul Ball, location: 2F 0-2: Fly out, F9 (Flyball, 9LM, EV 93.8 MPH)
|
|
Batting: LHB Adrian Zepeda
|
0-0: Foul Ball, location: 2F 0-1: Ground out 4-3 (Groundball, 4, EV 83.8 MPH)
|
| Bottom of the 3rd over - 0 runs, 0 hits, 0 errors, 0 left on base; Wausau 5 - Danville 1 |
| TOP OF THE 4TH |
|
Wausau Timbers batting - Pitching for Danville Veterans : RHP Dave W Smith
|
|
Batting: RHB Jeffrey Young
|
0-0: Ball 1-0: Called Strike 1-1: Called Strike 1-2: Strikes out swinging
|
|
Batting: RHB Isaac Seoanee
|
0-0: Called Strike 0-1: Ball 1-1: Foul Ball, location: 2F 1-2: Ground out U3 (Groundball, 3, EV 81.3 MPH)
|
|
Batting: SHB Herman Lewis
|
0-0: Ball 1-0: SINGLE (Groundball, 56S, EV 99.4 MPH)
|
|
Batting: LHB Rodney Nealeigh
|
0-0: Ball Herman Lewis steals 2nd base 1-0: Ball Wild Pitch! Herman Lewis to third 2-0: Called Strike 2-1: Called Strike 2-2: Fly out, F5 (Popup, 56, EV 70.6 MPH)
|
| Top of the 4th over - 0 runs, 1 hit, 0 errors, 1 left on base; Wausau 5 - Danville 1 |
| BOTTOM OF THE 4TH |
|
Danville Veterans batting - Pitching for Wausau Timbers : RHP Mario Duran
|
|
Batting: RHB Henry Janssen
|
0-0: Foul Ball, location: 2F 0-1: Ball 1-1: Ground out 6-3 (Groundball, 6M, EV 86.3 MPH)
|
|
Batting: LHB Mark Salas
|
0-0: Ball 1-0: Foul Ball, location: 2F 1-1: Foul Ball, location: 2F 1-2: Ball 2-2: Strikes out swinging
|
|
Batting: RHB Barry Brunenkant
|
0-0: Foul Ball, location: 2F 0-1: Swinging Strike 0-2: Foul Ball, location: 2F 0-2: SINGLE (Groundball, 56D, EV 96.3 MPH)
|
|
Batting: RHB Ed Saavedra
|
0-0: Ball 1-0: Foul Ball, location: 2F 1-1: Foul Ball, location: 2F 1-2: Ball 2-2: Ball 3-2: DOUBLE (Line Drive, 7LM, EV 102.5 MPH) Barry Brunenkant to third Barry Brunenkant scores
|
|
Batting: RHB Jeff Moronko
|
0-0: Ball 1-0: Called Strike 1-1: Ball 2-1: Ball 3-1: Called Strike 3-2: Fly out, F9 (Flyball, 89S, EV 84.4 MPH)
|
| Bottom of the 4th over - 1 run, 2 hits, 0 errors, 1 left on base; Wausau 5 - Danville 2 |
| TOP OF THE 5TH |
|
Wausau Timbers batting - Pitching for Danville Veterans : RHP Dave W Smith
|
|
Batting: RHB Rich Renteria
|
0-0: Fly out, F9 (Flyball, 9D, EV 101.9 MPH)
|
|
Batting: LHB Tom M Foley
|
0-0: SINGLE (Line Drive, 89M, EV 105.0 MPH)
|
|
Batting: RHB Douglas Davis
|
0-0: Called Strike 0-1: Ball 1-1: Ball 2-1: DOUBLE (Flyball, 8LXD, EV 109.4 MPH) Tom M Foley to third Runner from 3rd tries for Home, SAFE, no throw by CF
|
|
Batting: LHB Ricky Seilheimer
|
0-0: Ball 1-0: Foul Ball, location: 2F 1-1: Ball 2-1: Ball 3-1: Foul Ball, location: 2F 3-2: Foul Ball, location: 2F 3-2: Base on Balls
|
|
Batting: RHB Bruce Chaney
|
0-0: Foul Ball, location: 2F 0-1: Called Strike 0-2: Ball 1-2: Strikes out looking
|
|
Batting: RHB Jeffrey Young
|
0-0: Ball 1-0: Swinging Strike 1-1: Ball 2-1: Fly out, F9 (Flyball, 89D, EV 78.1 MPH)
|
| Top of the 5th over - 1 run, 2 hits, 0 errors, 2 left on base; Wausau 6 - Danville 2 |
| BOTTOM OF THE 5TH |
|
Danville Veterans batting - Pitching for Wausau Timbers : RHP Mario Duran
|
|
Batting: RHB Gordon Gauntlett
|
0-0: Called Strike 0-1: Ball 1-1: Ball 2-1: Ground out 6-3 (Groundball, 6, EV 98.8 MPH)
|
|
Batting: RHB Tom Hayes
|
0-0: Ball 1-0: Ground out 6-3 (Groundball, 6, EV 106.9 MPH)
|
|
Batting: RHB Billy Hatcher
|
0-0: Ground out 3-1 (Groundball, 34S, EV 90.0 MPH)
|
| Bottom of the 5th over - 0 runs, 0 hits, 0 errors, 0 left on base; Wausau 6 - Danville 2 |
| TOP OF THE 6TH |
|
Wausau Timbers batting - Pitching for Danville Veterans : RHP Dave W Smith
|
|
Batting: RHB Isaac Seoanee
|
0-0: Ball 1-0: Called Strike 1-1: Foul Ball, location: 2F 1-2: SINGLE (Groundball, 56D, EV 103.1 MPH)
|
|
Batting: SHB Herman Lewis
|
0-0: Foul Ball, location: 2F 0-1: Ball 1-1: Swinging Strike 1-2: Ball 2-2: Strikes out swinging
|
|
Batting: LHB Rodney Nealeigh
|
0-0: Called Strike 0-1: Fly out, F6 (Popup, 6, EV 76.3 MPH)
|
|
Batting: RHB Rich Renteria
|
0-0: Called Strike 0-1: Swinging Strike 0-2: Ball 1-2: Ball 2-2: Foul Ball, location: 2F 2-2: SINGLE (Groundball, 34D, EV 102.5 MPH) Isaac Seoanee to second Runner from 2nd tries for 3rd, SAFE, throw by RF made to third Rich Renteria to second
|
|
Batting: LHB Tom M Foley
|
0-0: SINGLE (Groundball, 4MD, EV 100.0 MPH) Isaac Seoanee scores Rich Renteria to third Runner from 3rd tries for Home, SAFE, throw by CF to home
|
|
Pitching: LHP Donald Johnson
|
|
|
Batting: RHB Douglas Davis
|
0-0: Ball 1-0: Ground out 2-3 (Groundball, 15S, EV 72.5 MPH)
|
| Top of the 6th over - 2 runs, 3 hits, 0 errors, 1 left on base; Wausau 8 - Danville 2 |
| BOTTOM OF THE 6TH |
|
Danville Veterans batting - Pitching for Wausau Timbers : RHP Mario Duran
|
|
Batting: LHB Adrian Zepeda
|
0-0: Called Strike 0-1: Swinging Strike 0-2: SINGLE (Line Drive, 4MD, EV 97.5 MPH)
|
|
Batting: RHB Henry Janssen
|
0-0: Ball Adrian Zepeda steals 2nd base 1-0: Foul Ball, location: 2F 1-1: Foul Ball, location: 2F 1-2: Foul Ball, location: 2F 1-2: Hit by Pitch
|
|
Batting: LHB Mark Salas
|
0-0: Called Strike 0-1: Ball 1-1: 3-RUN HOME RUN (Flyball, 89XD, EV 88.8 MPH), Distance : 418 ft
|
|
Batting: RHB Barry Brunenkant
|
0-0: Called Strike 0-1: Foul Ball, location: 2F 0-2: Ball 1-2: SINGLE (Groundball, 4MD, EV 100.0 MPH)
|
|
Batting: RHB Ed Saavedra
|
0-0: Called Strike 0-1: Ball 1-1: Foul Ball, location: 2F 1-2: Ball 2-2: Ball 3-2: Base on Balls Barry Brunenkant to second
|
|
Batting: RHB Jeff Moronko
|
0-0: Ball 1-0: Ball 2-0: Ball 3-0: Called Strike 3-1: Base on Balls Barry Brunenkant to third Ed Saavedra to second
|
|
Batting: RHB Gordon Gauntlett
|
0-0: Foul Ball, location: 2F 0-1: GRAND SLAM HOME RUN (Flyball, 78XD, EV 98.8 MPH), Distance : 405 ft
|
|
Pitching: RHP Alan Holbrook
|
|
|
Batting: RHB Tom Hayes
|
0-0: Called Strike 0-1: Ball 1-1: Foul Ball, location: 2F 1-2: Foul Ball, location: 2F 1-2: SINGLE (Line Drive, 4MD, EV 100.0 MPH)
|
|
Batting: RHB Billy Hatcher
|
0-0: Ball 1-0: Ball 2-0: Ball 3-0: Called Strike 3-1: Fly out, F7 (Flyball, 7D, EV 100.6 MPH)
|
|
Batting: LHB Adrian Zepeda
|
0-0: Ball 1-0: Ball 2-0: Ball 3-0: Base on Balls Tom Hayes to second
|
|
Batting: RHB Henry Janssen
|
0-0: Ball 1-0: Foul Ball, location: 2F 1-1: Ball 2-1: Foul Ball, location: 2F 2-2: Foul Ball, location: 2F 2-2: Ball 3-2: Fly out, F9 (Flyball, 9D, EV 101.3 MPH) Runner from 2nd tags up, SAFE at 3rd, no throw by RF
|
|
Batting: LHB Mark Salas
|
0-0: Ball 1-0: Called Strike 1-1: Foul Ball, location: 2F 1-2: Ball Adrian Zepeda steals 2nd base (no throw) 2-2: Ground out 4-3 (Groundball, 4, EV 88.8 MPH)
|
| Bottom of the 6th over - 7 runs, 5 hits, 0 errors, 2 left on base; Wausau 8 - Danville 9 |
| TOP OF THE 7TH |
|
Wausau Timbers batting - Pitching for Danville Veterans : LHP Donald Johnson
|
|
Batting: LHB Ricky Seilheimer
|
0-0: Ball 1-0: Fly out, F6 (Line Drive, 6, EV 70.0 MPH)
|
|
Batting: RHB Bruce Chaney
|
0-0: Called Strike 0-1: Foul Ball, location: 2F 0-2: Foul Ball, location: 2F 0-2: Ball 1-2: Foul Ball, location: 2F 1-2: Strikes out swinging
|
|
Batting: RHB Jeffrey Young
|
0-0: Swinging Strike 0-1: Swinging Strike 0-2: Ball 1-2: Strikes out looking
|
| Top of the 7th over - 0 runs, 0 hits, 0 errors, 0 left on base; Wausau 8 - Danville 9 |
| BOTTOM OF THE 7TH |
|
Danville Veterans batting - Pitching for Wausau Timbers : RHP Alan Holbrook
|
|
Batting: RHB Barry Brunenkant
|
0-0: Called Strike 0-1: Ball 1-1: Foul Ball, location: 2F 1-2: Ball 2-2: Ball 3-2: Base on Balls
|
|
Batting: RHB Ed Saavedra
|
0-0: Ball 1-0: Called Strike 1-1: Ball Wild Pitch! Barry Brunenkant to second 2-1: Ball 3-1: Base on Balls
|
|
Pitching: RHP Robert Tenenini
|
|
|
Batting: RHB Jeff Moronko
|
0-0: Ball 1-0: Fly out, F9 (Flyball, 89D, EV 90.6 MPH) Runner from 2nd tags up, SAFE at 3rd, no throw by RF
|
|
Batting: RHB Gordon Gauntlett
|
0-0: Fly out, F6 (Line Drive, 6, EV 67.5 MPH)
|
|
Batting: RHB Tom Hayes
|
0-0: Ball 1-0: Foul Ball, location: 2F 1-1: Ball 2-1: Ball 3-1: Base on Balls Ed Saavedra to second
|
|
Batting: RHB Billy Hatcher
|
0-0: Swinging Strike 0-1: Ball 1-1: Ball 2-1: Ball 3-1: Base on Balls Barry Brunenkant scores Ed Saavedra to third Tom Hayes to second
|
|
Batting: LHB Adrian Zepeda
|
0-0: Ball 1-0: Ball 2-0: Ground out 4-3 (Groundball, 4, EV 103.8 MPH)
|
| Bottom of the 7th over - 1 run, 0 hits, 0 errors, 3 left on base; Wausau 8 - Danville 10 |
| TOP OF THE 8TH |
|
Wausau Timbers batting - Pitching for Danville Veterans : LHP Donald Johnson
|
|
Batting: RHB Isaac Seoanee
|
0-0: Ball 1-0: Ball 2-0: Ball 3-0: Base on Balls
|
|
Batting: SHB Herman Lewis
|
0-0: Fielders Choice at 2nd, 4-6 (Groundball, 34, EV 80.0 MPH)
|
|
Batting: LHB Rodney Nealeigh
|
0-0: Ball 1-0: Called Strike 1-1: Called Strike 1-2: Ball 2-2: Foul Ball, location: 2F 2-2: Foul Ball, location: 2F 2-2: Foul Ball, location: 2F 2-2: Ball 3-2: Base on Balls Herman Lewis to second
|
|
Batting: RHB Rich Renteria
|
0-0: Ball 1-0: SINGLE (Groundball, 34D, EV 100.0 MPH) Herman Lewis to third Rodney Nealeigh to second Runner from 3rd tries for Home, SAFE, throw by RF to home
|
|
Batting: LHB Tom M Foley
|
0-0: SINGLE (Groundball, 34D, EV 105.0 MPH) Rodney Nealeigh to third Rich Renteria to second Runner from 3rd tries for Home, SAFE, throw by RF to home
|
|
Batting: RHB Douglas Davis
|
0-0: Called Strike 0-1: Foul Ball, location: 2F 0-2: Foul Ball, location: 2F 0-2: Ball 1-2: Ball 2-2: Foul Ball, location: 2F 2-2: Strikes out looking
|
|
Batting: LHB Ricky Seilheimer
|
0-0: Fly out, F5 (Popup, 56, EV 72.5 MPH)
|
| Top of the 8th over - 2 runs, 2 hits, 0 errors, 2 left on base; Wausau 10 - Danville 10 |
| BOTTOM OF THE 8TH |
|
Danville Veterans batting - Pitching for Wausau Timbers : RHP Robert Tenenini
|
|
Batting: RHB Henry Janssen
|
0-0: Called Strike 0-1: Called Strike 0-2: Foul Ball, location: 2F 0-2: Fly out, F6 (Popup, 15S, EV 85.0 MPH)
|
|
Batting: LHB Mark Salas
|
0-0: Ball 1-0: Called Strike 1-1: Ball 2-1: Ball 3-1: Called Strike 3-2: Fly out, F4 (Flyball, 34D, EV 88.1 MPH)
|
|
Batting: RHB Barry Brunenkant
|
0-0: Called Strike 0-1: Ball 1-1: Ball 2-1: Foul Ball, location: 2F 2-2: SINGLE (Groundball, P, EV 86.3 MPH) (infield hit)
|
|
Batting: RHB Ed Saavedra
|
0-0: Called Strike 0-1: Foul Ball, location: 2F 0-2: Ball 1-2: Ball 2-2: Foul Ball, location: 2F 2-2: Foul Ball, location: 2F 2-2: Fly out, F9 (Flyball, 9LM, EV 100.0 MPH)
|
| Bottom of the 8th over - 0 runs, 1 hit, 0 errors, 1 left on base; Wausau 10 - Danville 10 |
| TOP OF THE 9TH |
|
Wausau Timbers batting - Pitching for Danville Veterans : LHP Donald Johnson
|
|
Pitching: RHP John Violette
|
|
|
Pinch Hitting: SHB James Flores
|
0-0: Ball 1-0: Ball 2-0: Foul Ball, location: 2F 2-1: Ball 3-1: Base on Balls
|
|
Batting: RHB Jeffrey Young
|
0-0: Bunted foul 0-1: Bunted foul 0-2: Fly out, F9 (Flyball, 89S, EV 96.3 MPH)
|
|
Batting: RHB John Pignotti
|
0-0: Ball 1-0: Bunted foul 1-1: Sac Bunt to 13S - play at first, batter OUT! 1-4 James Flores to second
|
|
Batting: SHB Herman Lewis
|
0-0: Swinging Strike 0-1: Ball 1-1: Foul Ball, location: 2F 1-2: Strikes out looking
|
| Top of the 9th over - 0 runs, 0 hits, 0 errors, 1 left on base; Wausau 10 - Danville 10 |
| BOTTOM OF THE 9TH |
|
Danville Veterans batting - Pitching for Wausau Timbers : RHP Robert Tenenini
|
|
Pitching: RHP Rafael Ramirez
|
|
|
Now at 3B: James Flores
|
|
|
Batting: RHB Jeff Moronko
|
0-0: Called Strike 0-1: Swinging Strike 0-2: Strikes out looking
|
|
Batting: RHB Gordon Gauntlett
|
0-0: Ball 1-0: Swinging Strike 1-1: Swinging Strike 1-2: Foul Ball, location: 2F 1-2: Ball 2-2: Foul Ball, location: 2F 2-2: Ball 3-2: Ground out U3 (Groundball, 23, EV 82.5 MPH)
|
|
Pinch Hitting: LHB Eric Bullock
|
0-0: Ball 1-0: Ball 2-0: SINGLE (Flyball, 8RS, EV 91.9 MPH)
|
|
Batting: RHB Billy Hatcher
|
0-0: Called Strike 0-1: Ball 1-1: Ball Eric Bullock steals 2nd, throwing error, E2 Eric Bullock to third 2-1: Ball 3-1: Foul Ball, location: 2F 3-2: Ground out 5-3 (Groundball, 5, EV 84.4 MPH)
|
| Bottom of the 9th over - 0 runs, 1 hit, 1 error, 1 left on base; Wausau 10 - Danville 10 |
| TOP OF THE 10TH |
|
Wausau Timbers batting - Pitching for Danville Veterans : RHP John Violette
|
|
Now at SS: Tim Duncan
|
|
|
Batting: LHB Rodney Nealeigh
|
0-0: Ball 1-0: Ball 2-0: Ball 3-0: Base on Balls
|
|
Batting: RHB Rich Renteria
|
0-0: Called Strike 0-1: Ball 1-1: Ball 2-1: Ball 3-1: Base on Balls Rodney Nealeigh to second
|
|
Batting: LHB Tom M Foley
|
0-0: Ball 1-0: Foul Ball, location: 2F 1-1: Ball 2-1: Ball 3-1: Base on Balls Rodney Nealeigh to third Rich Renteria to second
|
|
Batting: RHB Douglas Davis
|
0-0: GRAND SLAM HOME RUN (Flyball, 78XD, EV 104.4 MPH), Distance : 399 ft
|
|
Batting: LHB Ricky Seilheimer
|
0-0: Called Strike 0-1: Ball 1-1: Ground out 2-3 (Groundball, 2R, EV 66.3 MPH)
|
|
Batting: SHB James Flores
|
0-0: Ball 1-0: Ball 2-0: Ball 3-0: Base on Balls
|
|
Batting: RHB Jeffrey Young
|
0-0: Fielders Choice at 2nd, 2-6 (Groundball, 13S, EV 70.0 MPH)
|
|
Batting: RHB John Pignotti
|
0-0: Ball 1-0: Swinging Strike 1-1: Swinging Strike 1-2: Ball 2-2: Ball 3-2: Base on Balls Jeffrey Young to second
|
|
Batting: SHB Herman Lewis
|
0-0: Called Strike 0-1: Ball 1-1: Swinging Strike 1-2: Ball 2-2: Foul Ball, location: 2F 2-2: Ball 3-2: SINGLE (Flyball, 5D, EV 94.4 MPH) Jeffrey Young to third John Pignotti to second Jeffrey Young scores John Pignotti to third
|
|
Batting: LHB Rodney Nealeigh
|
0-0: Swinging Strike 0-1: Ball 1-1: Foul Ball, location: 2F 1-2: Ball 2-2: SINGLE (Line Drive, 7S, EV 106.9 MPH) John Pignotti scores Herman Lewis to second
|
|
Batting: RHB Rich Renteria
|
0-0: Foul Ball, location: 2F 0-1: SINGLE (Line Drive, 9LS, EV 101.9 MPH) Herman Lewis to third Rodney Nealeigh to second Runner from 3rd tries for Home, SAFE, throw by RF to home
|
|
Pinch Hitting: RHB John Nicolo
|
0-0: Foul Ball, location: 2F 0-1: SINGLE (Groundball, 4S, EV 74.4 MPH) (infield hit) Rodney Nealeigh to third Rich Renteria to second
|
|
Pinch Hitting: RHB Larry Marsh
|
0-0: GRAND SLAM HOME RUN (Flyball, 7LD, EV 95.6 MPH), Distance : 351 ft
|
|
Pitching: RHP Vincent Pone
|
|
|
Pinch Hitting: LHB Mark Steenken
|
0-0: Called Strike 0-1: Called Strike 0-2: Ground out 6-3 (Groundball, 6, EV 105.0 MPH)
|
| Top of the 10th over - 11 runs, 6 hits, 0 errors, 0 left on base; Wausau 21 - Danville 10 |
| BOTTOM OF THE 10TH |
|
Danville Veterans batting - Pitching for Wausau Timbers : RHP Rafael Ramirez
|
|
Now at C: Mark Steenken
|
|
|
Now at 1B: Harry Mauch
|
|
|
Now at SS: John Nicolo
|
|
|
Pinch Hitting: RHB Tom Wiedenbauer
|
0-0: Ball 1-0: Called Strike 1-1: Called Strike 1-2: Foul Ball, location: 2F 1-2: Fly out, F6 (Line Drive, 6, EV 63.8 MPH)
|
|
Pinch Hitting: RHB Bret Mitchell
|
0-0: Ball 1-0: Swinging Strike 1-1: Foul Ball, location: 2F 1-2: Strikes out swinging
|
|
Batting: LHB Mark Salas
|
0-0: Ball 1-0: Fly out, F9 (Flyball, 89S, EV 88.1 MPH)
|
| Bottom of the 10th over - 0 runs, 0 hits, 0 errors, 0 left on base; Wausau 21 - Danville 10 |
|